 Dungeon Crawl Stone Soup version 0.22-a0-614-g34fbaa0 (webtiles) character file.

439 zekeachu the Ruffian (level 6, -9/61 HPs)
             Began as a Troll Berserker on July 20, 2018.
             Was a Priest of Trog.
             Mangled by Prince Ribbit (16 damage)
             ... on level 5 of the Dungeon on July 22, 2018.
             The game lasted 00:23:36 (2805 turns).

zekeachu the Ruffian (Troll Berserker)              Turns: 2805, Time: 00:23:37

Health: -9/61      AC:  5    Str: 27    XL:     6   Next: 70%
Magic:  5/5        EV: 11    Int:  4    God:    Trog [***...]
Gold:   278        SH:  0    Dex:  9    Spells: 5/5 levels left

rFire    . . .     SeeInvis .     - Unarmed
rCold    . . .     Gourm    +   (no shield)
rNeg     . . .     Faith    .   m - +0 robe
rPois    .         Spirit   .   (helmet restricted)
rElec    .         Reflect  .   (no cloak)
rCorr    .         Harm     .   (gloves unavailable)
MR       .....                  (boots unavailable)
Stlth    +.........             (no amulet)
HPRegen  0.60/turn              (no ring)
MPRegen  0.09/turn              (no ring)

@: no status effects
A: large, unfitting armour, claws 3, fast metabolism 3, gourmand, regeneration
1, shaggy fur 1, tough skin 2
a: Berserk, Trog's Hand, Renounce Religion


You were on level 5 of the Dungeon.
You worshipped Trog.
Trog was most pleased with you.
You were very full.

You visited 1 branch of the dungeon, and saw 5 of its levels.
You also visited: Sewer.

You collected 278 gold pieces.

Inventory:

Hand Weapons
 e - a +0 mace
Missiles
 c - 9 poisoned needles
 f - 21 sling bullets
 j - 150 stones (quivered)
Armour
 a - a +1 animal skin
 g - a +0 shield
 i - a +0 pair of boots
 m - a +0 robe (worn)
 x - a +0 helmet
Jewellery
 v - a +5 ring of strength {unknown}
Wands
 l - a wand of acid (9)
 y - a wand of iceblast (13)
Scrolls
 s - 2 scrolls of teleportation
 t - 2 scrolls of blinking {unknown}
 w - a scroll of amnesia
 z - a scroll of magic mapping
 A - a scroll of remove curse {unknown}
Potions
 d - 2 potions of lignification {unknown}
 h - 2 potions of invisibility {unknown}
 k - 3 potions of curing
 n - a potion of resistance {unknown}
 o - 2 potions of might {unknown}
 p - 2 potions of haste {unknown}
 q - a potion of heal wounds {unknown}
 r - a potion of brilliance {unknown}
 u - a potion of magic {unknown}
Comestibles
 b - 6 rations


   Skills:
 + Level 3.3 Fighting
 + Level 3.7 Dodging
 + Level 0.5 Stealth
 + Level 6.0 Unarmed Combat


You had 5 spell levels left.
You didn't know any spells.
Your spell library contained the following spells:

 Spells                   Type           Power        Failure   Level  Hunger
 Animate Dead             Necr           N/A          99%         4    #####..
 Pain                     Necr           #...         50%         1    ##.....
 Animate Skeleton         Necr           N/A          50%         1    ##.....
 Vampiric Draining        Necr           #.........   86%         3    ####...
 Regeneration             Chrm/Necr      #.........   86%         3    ####...


Dungeon Overview and Level Annotations

Branches:
Dungeon (5/15)
 Temple: D:4-7

Altars:
Ashenzari
Elyvilon
Fedhas
Makhleb
Okawaru
Qazlal
Trog
Yredelemnul

Annotations:
D:5 Prince Ribbit


Innate Abilities, Weirdness & Mutations

You are too large for most types of armour.
You have claws for hands.
Your metabolism is lightning-fast.
You like to eat raw meat.
Your natural rate of healing is unusually fast.
You are covered in fur. (AC +1)
You have very tough skin. (AC +2)


Message History

Press: ? - help, v - describe, . - travel The floor.
You see here a scroll of random uselessness.
You closely miss Prince Ribbit. Prince Ribbit hits you!!
Prince Ribbit hits you!
You miss Prince Ribbit. Prince Ribbit closely misses you.
You claw Prince Ribbit!
Prince Ribbit is moderately wounded.
Prince Ribbit barely misses you.
You scratch Prince Ribbit.
Prince Ribbit is heavily wounded.
Prince Ribbit hits you!
You barely miss Prince Ribbit.
Prince Ribbit is heavily wounded.
Prince Ribbit hits you!
* * * LOW HITPOINT WARNING * * *
Prince Ribbit hits you.
* * * LOW HITPOINT WARNING * * *
Prince Ribbit hits you!
You die...

#.........####...##
##.......## ##..#
##.....## ##.###
..#...#########...#
#.##+# #.......#.# #.
#.# #.#####.#.#
####.##.####.#...#.#.#
#..............#.#.#.#
..##.#$.@###...#...#.#
#...F..##.#####...#
#.#..?###...#...###
...##.## ###.#.### ###
### #...# #####


You could see Prince Ribbit.

Vanquished Creatures
  A black bear (D:3)
  The ghost of frimble the Chopper, an amateur DsFi (D:3)
  2 iguanas (D:4)
  3 worker ants
  8 adders
  A worm (D:4)
  A dart slug (D:1)
  4 leopard geckos
  4 orcs
  3 ball pythons
  3 bats
  5 giant cockroaches
  6 goblins
  6 hobgoblins
  3 jackals (D:4)
  3 quokkas
  13 frilled lizards
  4 kobolds
  8 rats
  6 fungi
  A plant (D:5)
86 creatures vanquished.

Notes
Turn   | Place    | Note
-------+----------+-------------------------------------------
     0 | D:1      | zekeachu the Troll Berserker began the quest for the Orb.
     0 | D:1      | Reached XP level 1. HP: 22/22 MP: 0/0
    67 | D:1      | Reached XP level 2. HP: 29/29 MP: 1/1
    98 | D:1      | Found an iron altar of Okawaru.
   623 | D:2      | Found a bloodstained altar of Trog.
   975 | D:3      | Reached XP level 3. HP: 36/36 MP: 2/2
   985 | D:3      | Found a shattered altar of Ashenzari.
  1139 | D:3      | Reached ** piety under Trog
  1165 | D:3      | Found a basalt altar of Yredelemnul.
  1200 | D:3      | Noticed a black bear
  1208 | D:3      | Killed a black bear
  1208 | D:3      | Reached skill level 4 in Unarmed Combat
  1208 | D:3      | Reached XP level 4. HP: 38/45 MP: 3/3
  1208 | D:3      | Reached XP level 5. HP: 44/53 MP: 4/4
  1333 | D:3      | Found a white marble altar of Elyvilon.
  1376 | D:3      | Found a large runed door.
  1376 | D:3      | Found a large runed door.
  1380 | D:3      | Noticed frimble's ghost (amateur DsFi)
  1467 | D:3      | Killed frimble's ghost
  1467 | D:3      | Reached skill level 5 in Unarmed Combat
  1654 | D:3      | You fall through a shaft!
  1674 | D:4      | Reached XP level 6. HP: 54/61 MP: 5/5
  1693 | D:4      | Found a stormy altar of Qazlal.
  1781 | D:4      | Found a glowing drain.
  1785 | Sewer    | Entered a sewer
  1924 | Sewer    | Reached *** piety under Trog
  2518 | D:5      | Entered Level 5 of the Dungeon
  2525 | D:5      | Found a burning altar of Makhleb.
  2694 | D:5      | Found a blossoming altar of Fedhas.
  2747 | D:5      | Reached skill level 6 in Unarmed Combat
  2795 | D:5      | Noticed Prince Ribbit
  2805 | D:5      | Mangled by Prince Ribbit

Vault maps used:
D:1:      dpeg_arrival_simpleton_c, minmay_gold_behind_fungi,
          okawaru_ov_weapons_minmay
D:2:      trog_three_pillars_becter
D:3:      kennysheep_ying_yang, ebering_ghost_disaster_area, first_ration,
          cheibrodos_ashenzari_chains
D:4:      nicolae_qazlal_general_emergency, gup_sewer_entry_bowl
D:5:      kennysheep_vampire_church, fedhas_altar_3, lemuel_doored_altar,
          basic_altar, uniq_prince_ribbit1, uniq_grinder
Sewer:    sewer_co_cracked_pipes

Skill      XL: |  1  2  3  4  5  6 |
---------------+-------------------+-----
Dodging        | 3 |  3.7
Fighting       | 3 |  3.3
Unarmed Combat | 4 5 6 |  6.0
Stealth        | |  0.5

Action                   |  1- 3 |  4- 6 || total
-------------------------+-------+-------++-------
Melee: Unarmed           |    95 |   177 ||   272
       Punch             |     2 |     8 ||    10
  Use: Scroll            |     2 |     5 ||     7
       Potion            |       |     1 ||     1
 Stab: Sleeping          |       |     1 ||     1
  Eat: Chunk             |    16 |    14 ||    30
Armor: Animal skin       |    27 |    44 ||    71
       Robe              |       |     6 ||     6
Dodge: Dodged            |    40 |    58 ||    98

Table legend:
 A = Spawn XP
 B = Non-spawn XP
 C = Spawn XP percentage of total XP
 D = Spawn monster count
 E = Non-spawn monster count
 F = Spawn count percentage of total count
 G = Total turns spent on level
                    A         B        C        D         E        F      G
               +---------+---------+-------+---------+---------+-------+---------
         Total |       0 |     628 |   0.0 |       0 |      79 |   0.0 |  2805
               +---------+---------+-------+---------+---------+-------+---------
           D:1 |       0 |      27 |   0.0 |       0 |      14 |   0.0 |   593
           D:2 |       0 |       7 |   0.0 |       0 |       4 |   0.0 |   378
           D:3 |       0 |     322 |   0.0 |       0 |      26 |   0.0 |   683
           D:4 |       0 |     193 |   0.0 |       0 |      18 |   0.0 |   491
           D:5 |       0 |      50 |   0.0 |       0 |       3 |   0.0 |   287
         Sewer |       0 |      29 |   0.0 |       0 |      14 |   0.0 |   373
               +---------+---------+-------+---------+---------+-------+---------
